 Dungeon Crawl Stone Soup version 0.29.1-15-g9cfb28693d (webtiles) character file.

Game seed: 4450301544559593543

43 Ad1ctor the Chopper (level 3, -1/31 HPs)
             Began as a Minotaur Abyssal Knight on Feb 26, 2023.
             Was a Priest of Lugonu.
             Killed from afar by Sigmund (11 damage)
             ... with a puff of flame
             ... on level 2 of the Dungeon.
             The game lasted 00:04:33 (913 turns).

Ad1ctor the Chopper (Minotaur Abyssal Knight)        Turns: 913, Time: 00:04:34

Health: -1/31      AC:  7    Str: 25    XL:     3   Next: 37%
Magic:  4/4        EV: 10    Int:  7    God:    Lugonu [***...]
Gold:   60         SH:  0    Dex: 10    Spells: 2/2 levels left

rFire   . . .      SeeInvis .   a - +1 hand axe
rCold   . . .      Faith    .   (no shield)
rNeg    . . .      Spirit   .   d - +0 scale mail
rPois   .          Reflect  .   (helmet restricted)
rElec   .          Harm     .   i - +0 cloak
rCorr   .          Rampage  .   (no gloves)
Will    .....                   (no boots)
Stlth   ..........              (no amulet)
HPRegen 0.10/turn               e - +6 ring of strength
MPRegen 0.09/turn               (no ring)

@: no status effects
A: horns 2, retaliatory headbutt
a: Renounce Religion, Depart the Abyss, Bend Space, Banish


You were on level 2 of the Dungeon.
You worshipped Lugonu.
Lugonu was most pleased with you.
You visited 1 branch of the dungeon, and saw 2 of its levels.
You visited the Abyss 1 time.

You collected 60 gold pieces.

Inventory:

Hand Weapons
 a - a +1 hand axe (weapon)
Armour
 d - a +0 scale mail (worn)
 i - a +0 cloak (worn)
Jewellery
 e - a +6 ring of strength (left hand)
Scrolls
 f - a scroll of fear {unknown}
 h - a scroll of immolation {unknown}
Potions
 b - a potion of curing {unknown}
 c - a potion of berserk rage {unknown}
 g - a potion of heal wounds {unknown}


   Skills:
 - Level 3.6 Fighting
 + Level 3.7 Axes
 - Level 2.4 Armour
 - Level 1.1 Dodging
 + Level 2.9 Invocations


You had 2 spell levels left.
You didn't know any spells.
Your spell library contained the following spells:

 Spells                   Type           Power      Damage    Failure   Level
 Static Discharge         Conj/Air       0%         3-3/arc   86%         2
 Lightning Bolt           Conj/Air       0%         1d11      100%        5
 Maxwell's Capacitive Co  Air            0%         ∞         100%        8


Dungeon Overview and Level Annotations

Branches:
Dungeon (2/15)

Altars:

Shops:
D:1 (

Annotations:
D:2 Sigmund


Innate Abilities, Weirdness & Mutations

You have a pair of horns on your head.
You reflexively headbutt those who attack you in melee.


Message History

You start resting.
HP restored.
A giant cockroach comes into view.
Found 5 datura-tipped darts.
A bat comes into view.
The bat hits you but does no damage. The bat hits you but does no damage.
The giant cockroach bites you. The bat hits you but does no damage.
The giant cockroach bites you but does no damage.
You slash the giant cockroach!
You kill the giant cockroach!
Lugonu accepts your kill. The bat hits you.
The bat hits you but does no damage. The bat barely misses you.
The bat hits you but does no damage.
You hit the bat.
You kill the bat!
Lugonu accepts your kill.
Found a faded altar of an unknown god.
You now have 45 gold pieces (gained 8).
You now have 60 gold pieces (gained 15).
Found a war axe.
Sigmund the Dreaded comes into view.
He is wielding a +6 vorpal scythe and wearing a +2 robe of the Archmagi.
Sigmund shouts!
Sigmund gestures wildly while chanting.
Sigmund flickers and vanishes!
Deactivating autopickup; reactivate with Ctrl-A.
Something tries to affect you, but you resist. x2
You see here a clear potion.
A puff of flame appears from out of thin air!
The puff of flame misses you. Something hits you. Something hits you!
You see here a +0 war axe.
You closely miss something. Something hits you.
You barely miss something.
You hear some strange, mumbled words.
A puff of flame appears from out of thin air!
The puff of flame hits you!
You die...

.... ##......#.#
.....###.......#.# ###
.....#.......#.#.###..
#....#.#.##...#...#
##.#.#.#..##....###
#..#.#.##.###.....#
#####....#........♣♣♣♣♣
#................♣♣....
..#.{@.........♣...♣♣♣
#.......!........♣♣♣♣ ♣
#..#................#
## #................♣ ♣
#.............#.♣♣..
###...............♣♣
########........ #.....
... ...........


There were no monsters in sight!

Vanquished Creatures
  An adder (D:2)
  An endoplasm (D:1)
  3 giant cockroaches
  3 goblins
  2 hobgoblins (D:1)
  4 jackals (D:1)
  A kobold (D:1)
  A quokka (D:1)
  6 ball pythons (D:1)
  3 bats
  A frilled lizard (D:1)
  5 rats (D:1)
31 creatures vanquished.

Notes
Turn   | Place    | Note
-------+----------+-------------------------------------------
     0 | Abyss:1  | Ad1ctor the Minotaur Abyssal Knight began the quest for the
                  | Orb.
     0 | Abyss:1  | Reached XP level 1. HP: 19/19 MP: 1/1
    21 | D:1      | Escaped the Abyss
   290 | D:1      | Reached XP level 2. HP: 25/26 MP: 2/2
   541 | D:1      | Found Tepie's Weapon Shop.
   558 | D:1      | Reached XP level 3. HP: 31/31 MP: 4/4
   724 | D:2      | Reached *** piety under Lugonu
   864 | D:2      | Found a faded altar of an unknown god.
   904 | D:2      | Noticed Sigmund
   913 | D:2      | Killed from afar by Sigmund

Illustrated notes

Levels and vault maps discovered:
D:1:      psy_arrival_radial01, layout_rooms, serial_shops,
          nicolae_shop_behind_doors
D:2:      layout_rooms, serial_shops, shop_statue,
          shapermc_ecumenical_altar_totnotflames, serial_bayou_pond_e,
          uniq_crazy_yiuf_cottage, uniq_natasha, uniq_sigmund

Skill      XL: |  1  2 |
---------------+-------+-----
Invocations    | 2 |  2.9
Axes           | 3 |  3.7
Fighting       | |  3.6
Armour         | |  2.4
Dodging        | |  1.1

Action                   || total
-------------------------++-------
Melee: Hand axe          ||    56
       Headbutt          ||     3
Invok: Bend Space        ||     1
Armor: Scale mail        ||    37
       Leather armour    ||     1
Dodge: Dodged            ||    33
